 Dungeon Sprint DCSS version 0.27-a0-1105-g946c659c87 (webtiles) character file.

Game seed: 15009481554448515194

13246 mhtbhm the Scorcher (level 11, -7/54 HPs)
             Began as a Deep Elf Fire Elementalist on Apr 29, 2021.
             Was the Champion of Vehumet.
             Hit by a javelin thrown by a merfolk javelineer (23 damage)
             ... in the Dungeon (Sprint V: "Ziggurat Sprint").
             The game lasted 00:04:49 (1197 turns).

mhtbhm the Scorcher (Deep Elf Fire Elementalist)    Turns: 1197, Time: 00:04:50

Health: -7/54      AC:  9    Str:  5    XL:     11   Next: 73%
Magic:  3/35       EV: 17    Int: 36    God:    Vehumet [******]
Gold:   0          SH:  0    Dex: 15    Spells: 20/47 levels left

rFire    + . .     SeeInvis .   r - +8 lance "Wyrmbane" {slay drac, rPois rF+ rC+ AC+3}
rCold    + . .     Faith    .   (no shield)
rNeg     . . .     Spirit   .   a - +1 robe {Will+}
rPois    +         Reflect  .   (no helmet)
rElec    .         Harm     .   (no cloak)
rCorr    .         Rampage  .   (no gloves)
Will     ++...     NoTele   +   w - +2 pair of boots {Fly}
Stlth    ++++......             D - amulet of magic regeneration
HPRegen  0.18/turn              u - +6 ring of intelligence
MPRegen  0.49/turn              v - +6 ring of intelligence

@: flying, studying 2 skills
A: no potion heal 1
a: Renounce Religion


You were in the Dungeon.
You worshipped Vehumet.
Vehumet was exalted by your worship.
You visited 1 branch

Inventory:

Hand Weapons
 r - the +8 lance "Wyrmbane" (weapon) {slay drac, rPois rF+ rC+ AC+3}
   (You found it in the Dungeon)

   It affects your AC (+3).
   It protects you from fire.
   It protects you from cold.
   It protects you from poison.
Missiles
 x - a throwing net
Armour
 a - a +1 robe of willpower (worn)
 w - a +2 pair of boots of flying (worn)
Jewellery
 u - a +6 ring of intelligence (left hand)
 v - a +6 ring of intelligence (right hand)
 D - an amulet of magic regeneration (around neck)
 E - a ring of magical power
 F - the ring "Yciexepatz" {rCorr AC+4 Str+7 Dex-4}
   (You found it in the Dungeon)

   [ring of protection]

   It affects your AC (+4).
   It affects your strength (+7).
   It affects your dexterity (-4).
   It protects you from acid and corrosion.
 H - the ring "Ymureijime" {rN+ SInv}
   (You found it in the Dungeon)

   [ring of see invisible]

   It protects you from negative energy.
   It lets you see invisible.
Wands
 y - a wand of mindburst (7)
 z - a wand of iceblast (4)
 A - a wand of acid (3)
Scrolls
 h - 4 scrolls of blinking
 m - 4 scrolls of amnesia
 n - 7 scrolls of fog
 o - a scroll of holy word
 p - 5 scrolls of identify
 q - 2 scrolls of fear
Potions
 b - 2 potions of brilliance
 c - 10 potions of curing
 d - 8 potions of heal wounds
 e - 6 potions of haste
 f - 7 potions of magic
 g - 3 potions of berserk rage
 i - 2 potions of invisibility
 j - 4 potions of resistance
 k - a potion of experience
 l - 5 potions of might
Miscellaneous
 s - a lightning rod (4/4)
 t - a box of beasts
 B - a condenser vane
 C - a tin of tremorstones (2/2)


   Skills:
 + Level 9.9 Dodging
 - Level 9.5 Stealth
 + Level 18.5 Spellcasting
 + Level 12.7 Conjurations
 + Level 4.2 Hexes
 + Level 19.2 Fire Magic
 + Level 8.1 Evocations


You had 20 spell levels left.
You knew the following spells:

 Your Spells              Type           Power      Damage    Failure   Level
a - Foxfire               Conj/Fire      100%       2x1d9     0%          1
b - Conjure Flame         Conj/Fire      99%        6-21      0%          3
c - Inner Flame           Hex/Fire       87%        N/A       0%          3
d - Sticky Flame          Conj/Fire      99%        2d11      0%          4
e - Fireball              Conj/Fire      49%        3d19      1%          5
f - Bolt of Magma         Conj/Fire/Erth 42%        4d18      1%          5
g - Iron Shot             Conj/Erth      34%        9d7       3%          6

Your spell library contained the following spells:

 Spells                   Type           Power      Damage    Failure   Level
 Orb of Destruction       Conj           45%        9d15      1%          7
 Corona                   Hex            65%        N/A       1%          1
 Freeze                   Ice            100%       1d11      1%          1
 Summon Small Mammal      Summ           100%       N/A       1%          1
 Call Imp                 Summ           33%        N/A       1%          2
 Corpse Rot               Necr/Air       N/A        N/A       1%          2
 Ensorcelled Hibernation  Hex/Ice        96%        N/A       1%          2
 Slow                     Hex            59%        N/A       1%          2
 Sublimation of Blood     Necr           16%        N/A       1%          2
 Frozen Ramparts          Ice            66%        1d8       1%          3
 Mephitic Cloud           Conj/Pois/Air  59%        N/A       1%          3
 Portal Projectile        Hex/Tloc       96%        N/A       1%          3
 Cause Fear               Hex            29%        N/A       1%          4
 Hailstorm                Conj/Ice       68%        3d14      1%          4
 Starburst                Conj/Fire      49%        8x6d14    1%          6
 Call Canine Familiar     Summ           33%        N/A       3%          3
 Ozocubu's Armour         Ice            33%        N/A       3%          3
 Leda's Liquefaction      Hex/Erth       24%        N/A       4%          4
 Freezing Cloud           Conj/Ice/Air   29%        6-21      7%          6
 Animate Armour           Summ/Erth      66%        N/A       10%         4
 Dispel Undead            Necr           33%        3d14      10%         4
 Metabolic Englaciation   Hex/Ice        24%        N/A       11%         5
 Agony                    Necr           33%        N/A       26%         5
 Excruciating Wounds      Necr           16%        N/A       26%         5
 Shadow Creatures         Summ           N/A        N/A       83%         6


Dungeon Overview and Level Annotations

Branches:
Dungeon (1/1)

Altars:
Ashenzari
Cheibriados
Dithmenos
Elyvilon
Fedhas
Gozag
Hepliaklqana
Kikubaaqudgha
Makhleb
Nemelex Xobeh
Okawaru
Qazlal
Ru
Sif Muna
Trog
Uskayaw
Vehumet
Wu Jian
Xom
Yredelemnul
Zin
The Shining One
Beogh
Jiyva
Lugonu


Innate Abilities, Weirdness & Mutations

Potions are less effective at restoring your health.


Message History

The javelin pierces through you!
Unknown command.
Casting: Fireball (safe; 1% risk of failure)
Confirm with . or Enter, or press ? or * to list all spells.
Aiming: Fireball (safe; 1% risk of failure)
Press: ? - help, Shift-Dir - straight line, f/p - merfolk javelineer
Aim: a merfolk javelineer, wielding a +0 spear, wearing a +1 ring mail of cold resistance, wearing a ring of fire and quivering javelins (steam, severely wounded)
The fireball explodes!
The fireball engulfs the merfolk javelineer.
The merfolk javelineer resists.
The merfolk javelineer is almost dead.
The merfolk javelineer throws a javelin.
The javelin closely misses you.
Unknown command.
Unknown command.
Casting: Fireball (safe; 1% risk of failure)
Confirm with . or Enter, or press ? or * to list all spells.
Aiming: Fireball (safe; 1% risk of failure)
Press: ? - help, Shift-Dir - straight line, f/p - merfolk javelineer
Aim: a merfolk javelineer, wielding a +0 spear, wearing a +1 ring mail of cold resistance, wearing a ring of fire and quivering javelins (almost dead)
The fireball explodes!
The fireball engulfs the merfolk javelineer!
The merfolk javelineer resists.
The merfolk javelineer is almost dead.
The merfolk javelineer throws a javelin.
The javelin pierces through you!!
Ouch! That really hurt!
* * * LOW HITPOINT WARNING * * *
Unknown command.
Unknown command.
Your system partially rejects the healing.
You feel much better.
The merfolk javelineer throws a javelin.
The javelin pierces through you!
* * * LOW HITPOINT WARNING * * *
Your system partially rejects the healing.
You feel much better.
The merfolk javelineer throws a javelin.
The javelin pierces through you!!
You die...

▓..)})[|..▓
▓.≈)|)))..▓...}))...▓
▓...≈.≈...▓...)))...▓
▓....†....▓.........▓
▓.....§.≈≈▓.........▓
▓≈≈..)≈§≈≈▓.........▓
▓≈≈.≈m)≈≈.▓.........▓
▓.≈.§.≈..≈▓....©....▓
▓..≈.@≈.≈.▓▓▓▓▓▓▓▓▓▓▓
▓▓▓▓▓▓▓▓▓▓▓


You could see a merfolk javelineer.

Vanquished Creatures
  A very ugly thing (D)
  2 merfolk impalers (D)
  A merfolk aquamancer (D)
  2 two-headed ogres (D)
  A sixfirhy (D)
  3 sea snakes (D)
  A shining eye (D)
  A cyclops (D)
  A manticore (D)
  2 merfolk sirens (D)
  A black mamba (D)
  2 eyes of devastation (D)
  A freezing wraith (D)
  8 merfolk (D)
  2 trolls (D)
  A slime creature (D)
  A raiju (D)
  A golden eye (D)
  A naga (D)
  A water moccasin (D)
  A floating eye (D)
  3 orc warriors (D)
  4 ogres (D)
  A phantom (D)
  A wight (D)
  A quasit (D)
  An orc priest (D)
  An iron imp (D)
  3 mummies (D)
  2 adders (D)
  2 white imps (D)
  An adder zombie (D)
  2 orcs (D)
  A bat zombie (D)
  2 endoplasms (D)
  2 ball pythons (D)
  A ball python skeleton (D)
63 creatures vanquished.

Vanquished Creatures (others)
  3 foxfires (D)
3 creatures vanquished.

Grand Total: 66 creatures vanquished

Notes
Turn   | Place    | Note
-------+----------+-------------------------------------------
     0 | D        | mhtbhm the Deep Elf Fire Elementalist began the quest for
                  | the Orb.
     0 | D        | Reached XP level 1. HP: 10/10 MP: 6/6
     0 | D        | Found a shimmering blue altar of Sif Muna.
     0 | D        | Found a bloodstained altar of Trog.
     0 | D        | Found a sacrificial altar of Ru.
     0 | D        | Found a stormy altar of Qazlal.
     0 | D        | Found an iron altar of Okawaru.
     1 | D        | Found a sparkling altar of Nemelex Xobeh.
     1 | D        | Found a blossoming altar of Fedhas.
     2 | D        | Found the +6 Majin-Bo {vamp, MP+6 Int+6}
     2 | D        | Found the +9 heavy crossbow "Sniper" {vorpal, Acc+∞ SInv}
     2 | D        | Found the +10 dark maul {vorpal}
     2 | D        | Found the +15 Maxwell's patent armour {-Cast -Tele rElec
                  | Will+ rCorr}
     2 | D        | Found the +18 shield of the Gong {rElec rN+ Will+ EV-5}
     2 | D        | Found the +14 obsidian axe {vorpal, Drain Fly SInv}
     2 | D        | Found the +7 great mace "Firestarter" {inner flame, rF++}
     2 | D        | Found the +6 shillelagh "Devastator" {shatter}
     2 | D        | Found the +11 plutonium sword {Contam Stlth-}
     2 | D        | Found the +8 lance "Wyrmbane" {slay drac, rPois rF+ rC+
                  | AC+3}
     2 | D        | Found the +9 sword of Zonguldrok {reap}
     2 | D        | Found the +13 scythe of Curses {drain, Drain}
     2 | D        | Found the +5 sword of Power {vorpal}
     2 | D        | Found the +7 mace of Variability {chain chaos}
     2 | D        | Found the +7 Singing Sword {vorpal, sonic wave}
     2 | D        | Found the +8 storm bow {elec, penet}
     2 | D        | Banished a spatial maelstrom
     3 | D        | Found a transporter.
     3 | D        | Found an ancient bone altar of Kikubaaqudgha.
     3 | D        | Found a viscous altar of Jiyva.
     3 | D        | Found a corrupted altar of Lugonu.
     3 | D        | Found a hazy altar of Hepliaklqana.
     3 | D        | Found a burning altar of Makhleb.
     3 | D        | Found an opulent altar of Gozag.
    43 | D        | Became a worshipper of Vehumet
    63 | D        | Entered arena 2.
    63 | D        | Noticed a phantom
    63 | D        | Noticed a wight
    63 | D        | Found a transporter.
    65 | D        | Killed a wight
    66 | D        | Reached skill level 6 in Fire Magic
    66 | D        | Reached XP level 2. HP: 15/15 MP: 6/9
    66 | D        | Reached XP level 3. HP: 19/19 MP: 7/11
    69 | D        | Killed a phantom
    70 | D        | Reached skill level 8 in Fire Magic
    70 | D        | Reached XP level 4. HP: 24/24 MP: 5/14
   237 | D        | Learned a level 3 spell: Conjure Flame
   241 | D        | Learned a level 3 spell: Inner Flame
   246 | D        | Learned a level 4 spell: Sticky Flame
   247 | D        | Entered arena 3.
   247 | D        | Noticed a merfolk
   247 | D        | Noticed a merfolk
   247 | D        | Noticed a merfolk
   247 | D        | Found a transporter.
   251 | D        | Killed a merfolk
   251 | D        | Reached * piety under Vehumet
   251 | D        | Offered knowledge of Magic Dart by Vehumet.
   252 | D        | Reached skill level 5 in Dodging
   252 | D        | Reached skill level 5 in Stealth
   252 | D        | Reached skill level 10 in Fire Magic
   252 | D        | Reached skill level 1 in Evocations
   252 | D        | Reached XP level 5. HP: 28/28 MP: 8/17
   252 | D        | Reached XP level 6. HP: 32/32 MP: 8/19
   255 | D        | Killed a merfolk
   255 | D        | Killed a merfolk
   255 | D        | Reached ** piety under Vehumet
   256 | D        | Reached skill level 10 in Spellcasting
   256 | D        | Reached skill level 1 in Hexes
   256 | D        | Reached skill level 12 in Fire Magic
   256 | D        | Reached XP level 7. HP: 36/36 MP: 8/22
   458 | D        | Learned a level 5 spell: Fireball
   459 | D        | Entered arena 4.
   459 | D        | Found a transporter.
   460 | D        | Offered knowledge of Freeze by Vehumet.
   461 | D        | Reached skill level 13 in Fire Magic
   461 | D        | Reached *** piety under Vehumet
   605 | D        | Entered arena 5.
   605 | D        | Found a transporter.
   610 | D        | Reached **** piety under Vehumet
   653 | D        | Entered arena 6.
   653 | D        | Noticed a merfolk
   653 | D        | Noticed a merfolk
   653 | D        | Noticed a merfolk
   653 | D        | Noticed a merfolk
   653 | D        | Noticed a merfolk
   653 | D        | Found a transporter.
   654 | D        | Identified the +6 shortbow "Tearaj Mevu" {flame, *Corrode
                  | Fly Int+4}
   655 | D        | Killed a merfolk
   655 | D        | Offered knowledge of Mephitic Cloud by Vehumet.
   656 | D        | Reached XP level 8. HP: 41/41 MP: 17/24
   656 | D        | Killed a merfolk
   657 | D        | Killed a merfolk
   657 | D        | Killed a merfolk
   658 | D        | Reached skill level 14 in Fire Magic
   659 | D        | Killed a merfolk
   659 | D        | Reached ***** piety under Vehumet
   660 | D        | Reached skill level 5 in Evocations
   757 | D        | Entered arena 7.
   757 | D        | Noticed a sixfirhy
   757 | D        | Noticed a brown very ugly thing
   757 | D        | Noticed a freezing wraith
   757 | D        | Noticed a raiju
   759 | D        | Killed a sixfirhy
   759 | D        | Killed a raiju
   760 | D        | Reached skill level 5 in Conjurations
   760 | D        | Reached skill level 15 in Fire Magic
   760 | D        | Reached XP level 9. HP: 45/45 MP: 21/28
   760 | D        | Killed a freezing wraith
   761 | D        | Killed a brown very ugly thing
   762 | D        | Reached skill level 16 in Fire Magic
   762 | D        | Found a transporter.
   818 | D        | Entered arena 8.
   819 | D        | Offered knowledge of Ignite Poison by Vehumet.
   820 | D        | Reached ****** piety under Vehumet
   821 | D        | Reached XP level 10. HP: 50/50 MP: 22/30
   823 | D        | Found a transporter.
   832 | D        | Got the amulet of Lealuwk {Acrobat SInv}
   965 | D        | Entered arena 9.
   965 | D        | Noticed a black mamba
   967 | D        | Killed a black mamba
   970 | D        | Found a transporter.
   981 | D        | Got Orphoig's Handbook of Supportive Cold
   988 | D        | Got Lehudib's Catalogue of Dusty Conjuration
  1001 | D        | Entered arena 10.
  1001 | D        | Noticed an eye of devastation
  1001 | D        | Noticed an eye of devastation
  1001 | D        | Noticed a shining eye
  1002 | D        | Offered knowledge of Bolt of Magma by Vehumet.
  1003 | D        | Reached skill level 15 in Spellcasting
  1003 | D        | Killed an eye of devastation
  1003 | D        | Gained mutation: Potions are less effective at restoring
                  | your health. [a shining eye]
  1004 | D        | Reached skill level 17 in Fire Magic
  1005 | D        | Killed an eye of devastation
  1007 | D        | Killed a shining eye
  1008 | D        | Found a transporter.
  1018 | D        | Got the ring "Yciexepatz" {rCorr AC+4 Str+7 Dex-4}
  1023 | D        | Got the ring "Ymureijime" {rN+ SInv}
  1036 | D        | Learned a level 5 spell: Bolt of Magma
  1046 | D        | Entered arena 11.
  1046 | D        | Noticed a two-headed ogre
  1046 | D        | Noticed a two-headed ogre
  1046 | D        | Noticed a cyclops
  1048 | D        | Killed a cyclops
  1048 | D        | Offered knowledge of Iron Shot by Vehumet.
  1049 | D        | Killed a two-headed ogre
  1050 | D        | Killed a two-headed ogre
  1051 | D        | Reached skill level 10 in Conjurations
  1051 | D        | Reached skill level 18 in Fire Magic
  1051 | D        | Reached XP level 11. HP: 54/54 MP: 26/33
  1052 | D        | Found a transporter.
  1082 | D        | Learned a level 6 spell: Iron Shot
  1183 | D        | Entered arena 12.
  1183 | D        | Noticed a sea snake
  1183 | D        | Noticed a merfolk aquamancer
  1183 | D        | Noticed a merfolk impaler
  1184 | D        | Noticed a sea snake
  1184 | D        | Noticed a sea snake
  1185 | D        | Offered knowledge of Orb of Destruction by Vehumet.
  1186 | D        | Killed a sea snake
  1186 | D        | Noticed a merfolk javelineer
  1187 | D        | Killed a sea snake
  1187 | D        | Killed a merfolk aquamancer
  1187 | D        | Identified the +10 arbalest of Compound Interest {elec,
                  | rElec Will+++ Str-4 Dex-3}
  1187 | D        | Noticed a merfolk impaler
  1189 | D        | Killed a merfolk impaler
  1190 | D        | Killed a sea snake
  1191 | D        | Reached skill level 19 in Fire Magic
  1193 | D        | Killed a merfolk impaler
  1195 | D        | HP: 1/54 [merfolk javelineer/javelin (27)]
  1197 | D        | Hit by a javelin thrown by a merfolk javelineer

Illustrated notes

Levels and vault maps discovered:
D:        sprint_v [room_start, room_1, room_2, room_3, room_4, room_5, room_6,
          room_7, room_8, room_9, room_10, room_11, room_12, room_13, room_14,
          room_15, room_16, room_17, room_18, room_19, room_20, room_21,
          room_22, room_23, room_24, room_25, room_26, room_27]

Skill      XL: |  1  2  3  4  5  6  7  8  9 10 11 |
---------------+----------------------------------+-----
Dodging        | 3 4 5 6 7 8 9 |  9.9
Stealth        | 3 4 5 7 8 9 |  9.5
Spellcasting   | 4 6 8 10 13 14 16 18 | 18.5
Fire Magic     | 6 8 10 12 13 15 16 18 19 | 19.2
Conjurations   | 2 3 5 6 10 12 | 12.7
Evocations     | 1 3 5 6 8 |  8.1
Hexes          | 1 2 3 4 |  4.2

Action                   |  1- 3 |  4- 6 |  7- 9 | 10-12 || total
-------------------------+-------+-------+-------+-------++-------
 Cast: Foxfire           |     2 |       |       |       ||     2
       Inner Flame       |       |     3 |       |       ||     3
       Fireball          |       |       |    16 |    29 ||    45
Evoke: Wand              |     2 |     5 |       |       ||     7
       Lightning rod     |       |       |     3 |       ||     3
  Use: Potion            |       |       |       |     2 ||     2
Armor: Robe              |     1 |       |     1 |       ||     2
Dodge: Dodged            |     2 |     1 |     4 |     4 ||    11

Table legend: (Time is in decaauts)
 A = Elapsed time spent in this place.
 B = Non-inter-level travel time spent in this place.
 C = Inter-level travel time spent in this place.
 D = Time resting spent in this place.
 E = Time spent auto-exploring this place.
 F = Levels seen in this place.
 G = Mean time per level.
                   A        B        C        D        E       F      G
               +--------+--------+--------+--------+--------+-----+--------+
         Total |   1195 |   1195 |      0 |    836 |      0 |   1 | 1195.0 |
       Dungeon |   1195 |   1195 |      0 |    836 |      0 |   1 | 1195.0 |
               +--------+--------+--------+--------+--------+-----+--------+

Top non-repeatable levels by time:
       D: 1195 daAuts
